Map: Ephemeron LE

Players

pHARM

  • Race: Zerg Zerg
  • League: Platinum
  • Spawn Location: 11:00

spacecadet - Winner!

  • Race: Protoss Protoss
  • League: Platinum
  • Spawn Location: 5:00

VOD

Have the link to the VOD?

Description

Time

  • Played on: Oct. 7, 2019, 8:36 a.m.
  • Length: 6:14
Show
View Real Time Build Order
Export as new Build Order

pHARM Zerg 

Build Orders: Hatch First 

Get SALT Encoding   

  12  0:01  Drone  
  13  0:14  Overlord  
  13  0:21  Drone  
  14  0:34  Drone x2  
  16  0:52  Hatchery  
  16  0:54  Drone  
  16  1:05  Drone x2  
  16  1:09  Drone  
  19  1:19  Spawning Pool  
  18  1:27  Drone  
  18  1:32  Drone  
  20  1:47  Drone  
  21  1:57  Drone  
  22  2:08  Drone x2, Queen  
  24  2:09  Queen  
  28  2:20  Overlord  
  28  2:26  Hatchery  
  28  2:28  Overlord  
  27  2:31  Drone  
  28  2:41  Drone x3  
  31  2:53  Queen  
  31  2:56  Queen  
  35  3:10  Zergling x2  
  36  3:15  Drone x5  
  41  3:24  Drone x3  
  41  3:26  Overlord x3  
  46  3:48  Drone x5  
  46  3:53  Extractor  
  46  3:55  Extractor  
  47  3:56  Extractor  
  46  4:14  Drone x10  
  56  4:27  Roach Warren  
  56  4:29  Evolution Chamber  
  56  4:30  Evolution Chamber  
  53  4:37  Extractor  
  52  4:39  Extractor  
  50  4:53  Drone x4  
  54  5:09  Roach x4  
  54  5:10  Roach  
  54  5:13  Roach  
  66  5:15  Overlord  
  66  5:16  Overlord x4  
  66  5:45  Roach x10  
  66  5:47  Drone x4, Roach  
  66  5:48  Drone  
Show
View Real Time Build Order
Export as new Build Order

spacecadet Protoss - Winner!

Build Orders: 1 Gate Expand 

Get SALT Encoding   

  12  0:00  Probe  
  13  0:18  Pylon, Probe  
  14  0:30  Probe  
  15  0:42  Probe  
  16  0:54  Probe  
  16  0:56  Gateway  
  17  1:20  Nexus  
  17  1:24  Probe (Chrono Boost)  
  18  1:29  Assimilator  
  18  1:34  Assimilator  
  18  1:36  Probe (Chrono Boost)  
  19  1:41  Probe (Chrono Boost)  
  20  1:52  Cybernetics Core  
  20  2:01  Pylon, Probe (Chrono Boost)  
  21  2:11  Probe (Chrono Boost)  
  22  2:16  Probe (Chrono Boost)  
  25  2:28  Probe  
  24  2:32  Adept  
  26  2:37  Robotics Facility  
  26  2:40  Probe x2  
  28  2:45  Warp Gate  
  28  2:52  Probe x2  
  30  3:04  Probe (Chrono Boost)  
  32  3:05  Probe (Chrono Boost)  
  32  3:08  Stalker  
  34  3:16  Probe (Chrono Boost)  
  34  3:18  Probe (Chrono Boost)  
  36  3:23  Pylon  
  36  3:25  Twilight Council, Probe x2 (Chrono Boost)  
  38  3:35  Probe  
  38  3:36  Probe  
  38  3:40  Assimilator  
  38  3:41  Pylon, Assimilator  
  40  3:47  Probe  
  40  3:48  Probe  
  42  3:58  Pylon  
  42  3:59  Probe  
  42  4:00  Probe  
  44  4:05  Gateway  
  44  4:10  Gateway  
  44  4:13  Dark Shrine  
  44  4:14  Probe x2  
  46  4:26  Probe  
  46  4:27  Gateway x2  
  46  4:30  Warp Prism  
  49  4:33  Sentry  
  49  4:38  Probe  
  52  4:46  Probe  
  52  4:50  Pylon, Probe  
  54  5:00  Probe  
  55  5:25  Dark Templar x3  
  55  5:26  Dark Templar x2  
  65  5:37  Probe x2  
  67  5:45  Forge  
Tags
 
Add a new tag
Caveats
  • Supply blocks, unpowered buildings, or Contaminate may cause inaccurate times.
  • Supply counts are checked every 10 seconds.